PAAA
BLOOMINGTON LONGNECKS @ SUNSET DISTRICT FOG
07/25/2038
 
TOP OF THE 1ST
Bloomington Longnecks batting - Pitching for Sunset District Fog : LHP Mark Smith
Pitching: LHP Mark Smith
Batting: RHB Cornell MacDonald 0-0: Called Strike
0-1: Ball
1-1: Foul Ball, location: 2F
1-2: Foul Ball, location: 2F
1-2: SINGLE (Groundball, 56D, EV 98.8 MPH)
Batting: RHB Clint Morgan 0-0: Called Strike
0-1: Ball
1-1: TRIPLE (Line Drive, 89XD, EV 101.9 MPH)
Cornell MacDonald scores
Batting: RHB Jesús Corona 0-0: Called Strike
0-1: Foul Ball, location: 2F
0-2: Ball
1-2: Ball
2-2: Foul Ball, location: 2F
2-2: Strikes out swinging
Batting: RHB Alfonso Nazario 0-0: Ball
1-0: Ball
2-0: Ball
3-0: Base on Balls
Batting: RHB Lev Migranov 0-0: Fielders Choice at 2nd, 5-4 (Groundball, 56, EV 82.5 MPH)
Clint Morgan scores
Batting: RHB Marcos Germán 0-0: Ball
1-0: Ground out 1-3 (Groundball, 13, EV 79.4 MPH)
Top of the 1st over - 2 runs, 2 hits, 0 errors, 1 left on base; Bloomington 2 - Sunset District 0
BOTTOM OF THE 1ST
Sunset District Fog batting - Pitching for Bloomington Longnecks : LHP Hildebrand Michielsen
Pitching: LHP Hildebrand Michielsen
Batting: RHB Roger Campbell 0-0: Ball
1-0: Ball
2-0: Ball
3-0: Base on Balls
Batting: RHB Jim McMahon 0-0: Fielders Choice at 2nd, 1-6 (Groundball, 13S, EV 65.6 MPH)
Batting: RHB Cornelius Adkison 0-0: Ball
1-0: Fly out, F9 (Line Drive, 9, EV 104.4 MPH)
Batting: RHB Vonne Navarrete 0-0: Ball
1-0: Fly out, F8 (Line Drive, 8LD, EV 93.1 MPH)
Bottom of the 1st over - 0 runs, 0 hits, 0 errors, 1 left on base; Bloomington 2 - Sunset District 0
TOP OF THE 2ND
Bloomington Longnecks batting - Pitching for Sunset District Fog : LHP Mark Smith
Batting: RHB Lucas Smith 0-0: Ball
1-0: Ball
2-0: Foul Ball, location: 2F
2-1: Called Strike
2-2: Foul Ball, location: 2F
2-2: Strikes out swinging
Batting: LHB Kensaku Hatayama 0-0: Fly out, F4 (Popup, 4M, EV 75.6 MPH)
Batting: RHB Manny Diéguez 0-0: Called Strike
0-1: Called Strike
0-2: Fly out, F7 (Flyball, 7S, EV 91.2 MPH)
Top of the 2nd over - 0 runs, 0 hits, 0 errors, 0 left on base; Bloomington 2 - Sunset District 0
BOTTOM OF THE 2ND
Sunset District Fog batting - Pitching for Bloomington Longnecks : LHP Hildebrand Michielsen
Batting: RHB Doug Becker 0-0: SOLO HOME RUN (Flyball, 8RXD, EV 91.9 MPH), Distance : 464 ft
Batting: RHB Michael Hughes 0-0: Called Strike
0-1: Ball
1-1: Called Strike
1-2: Ball
2-2: Ball
3-2: Fly out, F4 (Line Drive, 4, EV 63.8 MPH)
Batting: SHB Cecil Nelson 0-0: Ball
1-0: Called Strike
1-1: Ball
2-1: Ball
3-1: Called Strike
3-2: Foul Ball, location: 2F
3-2: Strikes out swinging
Batting: RHB Reynaldo Torres 0-0: Foul Ball, location: 2F
0-1: Fly out, F7 (Flyball, 7, EV 74.4 MPH)
Bottom of the 2nd over - 1 run, 1 hit, 0 errors, 0 left on base; Bloomington 2 - Sunset District 1
TOP OF THE 3RD
Bloomington Longnecks batting - Pitching for Sunset District Fog : LHP Mark Smith
Batting: RHB Cornell MacDonald 0-0: Ball
1-0: Ground out 4-3 (Groundball, 4M, EV 88.1 MPH)
Batting: RHB Clint Morgan 0-0: Swinging Strike
0-1: Ball
1-1: Foul Ball, location: 2F
1-2: Strikes out looking
Batting: RHB Jesús Corona 0-0: Fly out, F9 (Flyball, 9LMF, EV 84.4 MPH)
Top of the 3rd over - 0 runs, 0 hits, 0 errors, 0 left on base; Bloomington 2 - Sunset District 1
BOTTOM OF THE 3RD
Sunset District Fog batting - Pitching for Bloomington Longnecks : LHP Hildebrand Michielsen
Batting: RHB George Hubbard 0-0: Ball
1-0: Foul Ball, location: 2F
1-1: Ground out 4-3 (Groundball, 4, EV 86.9 MPH)
Batting: RHB Roger Campbell 0-0: Called Strike
0-1: Ball
1-1: Ball
2-1: Called Strike
2-2: Foul Ball, location: 2F
2-2: Foul Ball, location: 2F
2-2: SINGLE (Line Drive, 78S, EV 107.5 MPH)
Batting: RHB Jim McMahon 0-0: Grounds into double play, 5-4-3 (Groundball, 56, EV 110.6 MPH)
Bottom of the 3rd over - 0 runs, 1 hit, 0 errors, 0 left on base; Bloomington 2 - Sunset District 1
TOP OF THE 4TH
Bloomington Longnecks batting - Pitching for Sunset District Fog : LHP Mark Smith
Batting: RHB Alfonso Nazario 0-0: Foul Ball, location: 2F
0-1: Ball
1-1: Fly out, F3 (Popup, 34, EV 73.1 MPH)
Batting: RHB Lev Migranov 0-0: Ground out 6-3 (Groundball, 4M, EV 85.6 MPH)
Batting: RHB Marcos Germán 0-0: Ground out 6-3 (Groundball, 4M, EV 83.1 MPH)
Top of the 4th over - 0 runs, 0 hits, 0 errors, 0 left on base; Bloomington 2 - Sunset District 1
BOTTOM OF THE 4TH
Sunset District Fog batting - Pitching for Bloomington Longnecks : LHP Hildebrand Michielsen
Batting: RHB Cornelius Adkison 0-0: Ball
1-0: DOUBLE (Flyball, 78D, EV 91.9 MPH)
Batting: RHB Vonne Navarrete 0-0: Fly out, F8 (Line Drive, 78M, EV 91.9 MPH)
Batting: RHB Doug Becker 0-0: Ground out 1-3 (Groundball, 25, EV 84.4 MPH)
Batting: RHB Michael Hughes 0-0: Called Strike
0-1: Ball
1-1: Ball
2-1: Called Strike
2-2: Foul Ball, location: 2F
2-2: SINGLE (Groundball, 56D, EV 100.0 MPH)
Cornelius Adkison to third
Runner from 3rd tries for Home, SAFE, no throw by LF
Batting: SHB Cecil Nelson 0-0: Called Strike
0-1: Swinging Strike
0-2: Fly out, F8 (Line Drive, 8RD, EV 109.4 MPH)
Bottom of the 4th over - 1 run, 2 hits, 0 errors, 1 left on base; Bloomington 2 - Sunset District 2
TOP OF THE 5TH
Bloomington Longnecks batting - Pitching for Sunset District Fog : LHP Mark Smith
Batting: RHB Lucas Smith 0-0: Called Strike
0-1: Foul Ball, location: 2F
0-2: Fly out, F9 (Line Drive, 9D, EV 90.6 MPH)
Batting: LHB Kensaku Hatayama 0-0: SINGLE (Groundball, 4MD, EV 100.0 MPH)
Batting: RHB Manny Diéguez 0-0: Ball
1-0: Ball
2-0: Called Strike
2-1: Ball
3-1: Grounds into double play, 5-4-3 (Groundball, 56S, EV 87.5 MPH)
Top of the 5th over - 0 runs, 1 hit, 0 errors, 0 left on base; Bloomington 2 - Sunset District 2
BOTTOM OF THE 5TH
Sunset District Fog batting - Pitching for Bloomington Longnecks : LHP Hildebrand Michielsen
Batting: RHB Reynaldo Torres 0-0: Ball
1-0: Ball
2-0: Ground out 1-3 (Groundball, 25, EV 80.0 MPH)
Batting: RHB George Hubbard 0-0: Ball
1-0: Called Strike
1-1: Ball
2-1: Foul Ball, location: 2F
2-2: SINGLE (Groundball, 6MD, EV 104.4 MPH)
Batting: RHB Roger Campbell 0-0: Ball
1-0: Ball
2-0: Ball
3-0: Called Strike
3-1: Swinging Strike
3-2: Strikes out swinging
Batting: RHB Jim McMahon 0-0: 2-RUN HOME RUN (Flyball, 7D, EV 106.9 MPH), Distance : 384 ft
Batting: RHB Cornelius Adkison 0-0: Ground out 5-3 (Groundball, 56, EV 88.8 MPH)
Bottom of the 5th over - 2 runs, 2 hits, 0 errors, 0 left on base; Bloomington 2 - Sunset District 4
TOP OF THE 6TH
Bloomington Longnecks batting - Pitching for Sunset District Fog : LHP Mark Smith
Batting: RHB Cornell MacDonald 0-0: Swinging Strike
0-1: Called Strike
0-2: Strikes out swinging
Batting: RHB Clint Morgan 0-0: Called Strike
0-1: Fly out, F8 (Flyball, 89S, EV 90.0 MPH)
Batting: RHB Jesús Corona 0-0: Ball
1-0: Ball
2-0: Called Strike
2-1: Fly out, F9 (Flyball, 9S, EV 90.6 MPH)
Top of the 6th over - 0 runs, 0 hits, 0 errors, 0 left on base; Bloomington 2 - Sunset District 4
BOTTOM OF THE 6TH
Sunset District Fog batting - Pitching for Bloomington Longnecks : LHP Hildebrand Michielsen
Batting: RHB Vonne Navarrete 0-0: Called Strike
0-1: Ball
1-1: Fly out, F6 (Flyball, 56D, EV 92.5 MPH)
Batting: RHB Doug Becker 0-0: Ball
1-0: Ground out 6-3 (Groundball, 6, EV 97.5 MPH)
Batting: RHB Michael Hughes 0-0: Ball
1-0: SINGLE (Line Drive, 9LS, EV 109.4 MPH)
Batting: SHB Cecil Nelson 0-0: Fielders Choice at 2nd, 6-4 (Groundball, 56, EV 98.1 MPH)
Bottom of the 6th over - 0 runs, 1 hit, 0 errors, 1 left on base; Bloomington 2 - Sunset District 4
TOP OF THE 7TH
Bloomington Longnecks batting - Pitching for Sunset District Fog : LHP Mark Smith
Batting: RHB Alfonso Nazario 0-0: Ball
1-0: Called Strike
1-1: Foul Ball, location: 2F
1-2: SINGLE (Flyball, 9S, EV 87.5 MPH)
Batting: RHB Lev Migranov 0-0: Ball
1-0: Called Strike
1-1: Called Strike
1-2: Strikes out swinging
Batting: RHB Marcos Germán 0-0: Foul Ball, location: 2F
0-1: Ball
1-1: Ball
2-1: Ball
3-1: Grounds into double play, 1-6-3 (Groundball, 23, EV 83.1 MPH)
Top of the 7th over - 0 runs, 1 hit, 0 errors, 0 left on base; Bloomington 2 - Sunset District 4
BOTTOM OF THE 7TH
Sunset District Fog batting - Pitching for Bloomington Longnecks : LHP Hildebrand Michielsen
Batting: RHB Reynaldo Torres 0-0: Ball
1-0: Ball
2-0: Called Strike
2-1: Ball
3-1: Foul Ball, location: 2F
3-2: Base on Balls
Pitching: RHP Ron Rouse
Batting: RHB George Hubbard 0-0: Bunted foul
0-1: Sac Bunt to 13S - play at first, batter OUT! 1-4
Reynaldo Torres to second
Batting: RHB Roger Campbell 0-0: Swinging Strike
0-1: Swinging Strike
0-2: Ball
1-2: Ball
2-2: Ball
3-2: Base on Balls
Batting: RHB Jim McMahon 0-0: Ball
1-0: Called Strike
1-1: Foul Ball, location: 2F
1-2: Fly out, F8 (Line Drive, 8RM, EV 111.9 MPH)
Batting: RHB Cornelius Adkison 0-0: Foul Ball, location: 2F
0-1: Foul Ball, location: 2F
0-2: Ball
1-2: Ball
2-2: Ball
3-2: Base on Balls
Reynaldo Torres to third
Roger Campbell to second
Batting: RHB Vonne Navarrete 0-0: Foul Ball, location: 2F
0-1: Called Strike
0-2: Strikes out swinging
Bottom of the 7th over - 0 runs, 0 hits, 0 errors, 3 left on base; Bloomington 2 - Sunset District 4
TOP OF THE 8TH
Bloomington Longnecks batting - Pitching for Sunset District Fog : LHP Mark Smith
Batting: RHB Lucas Smith 0-0: Called Strike
0-1: Ball
1-1: Ground out 5-3 (Groundball, 56, EV 83.8 MPH)
Batting: LHB Kensaku Hatayama 0-0: Ball
1-0: Swinging Strike
1-1: Fly out, F9 (Flyball, 9LM, EV 90.0 MPH)
Batting: RHB Manny Diéguez 0-0: Ground out 6-3 (Groundball, 6, EV 88.8 MPH)
Top of the 8th over - 0 runs, 0 hits, 0 errors, 0 left on base; Bloomington 2 - Sunset District 4
BOTTOM OF THE 8TH
Sunset District Fog batting - Pitching for Bloomington Longnecks : RHP Ron Rouse
Batting: RHB Doug Becker 0-0: SOLO HOME RUN (Flyball, 78XD, EV 94.4 MPH), Distance : 444 ft
Batting: RHB Michael Hughes 0-0: DOUBLE (Line Drive, 89D, EV 105.6 MPH)
Batting: SHB Cecil Nelson 0-0: Intentional Walk
Batting: RHB Reynaldo Torres 0-0: Grounds into double play, 4-6-3 (Groundball, 4, EV 110.0 MPH)
Michael Hughes to third
Batting: RHB George Hubbard 0-0: Ball
1-0: Ball
2-0: Ball
3-0: Called Strike
3-1: Base on Balls
Batting: RHB Roger Campbell 0-0: Ball
1-0: Ball
2-0: Foul Ball, location: 2F
2-1: Called Strike
2-2: Strikes out swinging
Bottom of the 8th over - 1 run, 2 hits, 0 errors, 2 left on base; Bloomington 2 - Sunset District 5
TOP OF THE 9TH
Bloomington Longnecks batting - Pitching for Sunset District Fog : LHP Mark Smith
Pitching: RHP Benjamin Wyles
Batting: RHB Cornell MacDonald 0-0: Ball
1-0: Called Strike
1-1: Foul Ball, location: 2F
1-2: Ball
2-2: Ball
3-2: Fly out, F9 (Flyball, 9, EV 83.8 MPH)
Batting: RHB Clint Morgan 0-0: Foul Ball, location: 2F
0-1: Swinging Strike
0-2: Fly out, F9 (Flyball, 9, EV 95.6 MPH)
Batting: RHB Jesús Corona 0-0: Foul Ball, location: 2F
0-1: Ground out 6-3 (Groundball, 6, EV 87.5 MPH)
Top of the 9th over - 0 runs, 0 hits, 0 errors, 0 left on base; Bloomington 2 - Sunset District 5
Friday, April 17th, 2020 - OOTP Baseball 20.8 Build 74